Map: Nightscape LE

Players

NIo - Winner!

  • Race: Terran Terran
  • Spawn Location: 7:00

Shadow - Winner!

  • Race: Zerg Zerg
  • Spawn Location: 7:00

qqq

  • Race: Zerg Zerg
  • League: Platinum
  • Spawn Location: 1:00

Massa

  • Race: Terran Terran
  • League: Platinum
  • Spawn Location: 1:00

VOD

Have the link to the VOD?

Description

Time

  • Played on: Jan. 10, 2021, 8:34 a.m.
  • Length: 27:13
Show
View Real Time Build Order
Export as new Build Order

NIo Terran - Winner!

Build Orders: 1/1/1 

Get SALT Encoding   

  12  0:00  SCV  
  13  0:12  SCV  
  14  0:17  Supply Depot  
  14  0:25  SCV  
  15  0:31  Refinery  
  15  0:41  Barracks  
  15  0:45  SCV  
  16  0:57  SCV  
  17  1:13  SCV  
  18  1:20  Barracks  
  18  1:36  Factory  
  18  1:37  Supply Depot  
  18  1:52  Orbital Command  
  18  1:54  Refinery  
  18  2:04  Barracks Reactor  
  17  2:24  SCV  
  17  2:29  Starport  
  18  2:32  Barracks Tech Lab  
  18  2:42  Marine x2  
  20  2:50  SCV  
  21  2:52  Factory Reactor  
  21  3:02  SCV  
  21  3:05  Marine x3  
  24  3:11  Stimpack  
  25  3:16  Supply Depot  
  25  3:23  Marine x3  
  28  3:34  SCV  
  29  3:35  Medivac  
  29  3:38  Medivac  
  29  3:39  Supply Depot  
  33  3:44  Marine x2  
  33  3:47  Marine  
  36  3:53  Factory Tech Lab  
  36  4:01  Marine, Supply Depot  
  36  4:02  Marine  
  38  4:05  Marine  
  39  4:18  SCV  
  39  4:23  Marine x2  
  42  4:40  Command Center  
  42  4:44  SCV  
  43  4:49  Marine x2  
  43  4:50  Marine  
  46  4:59  Siege Tank  
  49  5:03  SCV  
  42  5:15  SCV  
  33  5:36  Engineering Bay  
  31  5:46  Viking  
  31  5:47  Marine, Viking  
  34  5:58  Factory Tech Lab  
  24  6:15  Missile Turret  
  19  6:40  SCV  
  19  6:41  SCV  
  21  6:56  Missile Turret  
  21  6:59  SCV x2  
  22  7:10  Reaper  
  23  7:21  SCV x2  
  25  7:35  SCV x2  
  27  7:38  Marine x2  
  27  7:42  Marine  
  30  7:47  SCV  
  32  7:51  Orbital Command  
  31  7:59  SCV  
  31  8:01  Missile Turret  
  32  8:11  SCV  
  33  8:22  Marine  
  33  8:23  SCV, Marine  
  33  8:26  Siege Tank  
  39  8:28  SCV  
  40  8:35  SCV  
  40  8:40  SCV  
  42  8:50  Bunker  
  42  8:51  SCV  
  42  8:52  SCV  
  44  8:58  Marine  
  44  8:59  Marine x2  
  44  9:00  Siege Tank  
  50  9:15  SCV x2  
  50  9:16  Marine  
  53  9:18  Combat Shield  
  53  9:25  Refinery  
  53  9:28  SCV x2  
  55  9:40  SCV x2  
  57  9:50  Missile Turret  
  57  9:52  SCV x2  
  59  9:53  Missile Turret  
  59  10:10  Bunker  
  59  10:11  SCV x2  
  61  10:26  SCV  
  60  10:28  Refinery  
  60  10:36  Armory, Medivac  
  62  10:43  Supply Depot  
  62  10:44  Supply Depot  
  62  10:45  Supply Depot  
  62  10:48  Missile Turret  
  62  10:49  Command Center  
  62  10:52  Supply Depot  
  62  10:56  Supply Depot  
  62  11:04  SCV, Marine x2, Medivac, Siege Tank  
  62  11:05  SCV  
  62  11:07  Marine  
  72  11:16  Supply Depot  
  72  11:21  SCV x2  
  74  11:33  Factory  
  74  11:34  Terran Vehicle Weapons Level 1  
  74  11:35  Barracks  
  74  11:36  Siege Tank  
  77  11:43  Marine  
  77  11:46  Supply Depot  
  78  11:51  Marine x2  
  80  12:00  Marine  
  81  12:04  Planetary Fortress  
  81  12:05  Missile Turret  
  81  12:06  SCV x2  
  83  12:09  Marine, Siege Tank  
  83  12:15  Marine  
  88  12:18  Marine, SCV x2, Sensor Tower  
  91  12:25  Medivac x2  
  91  12:27  Marine  
  96  12:31  Factory Tech Lab  
  96  12:32  Marine  
  96  12:33  Barracks Reactor  
  96  12:35  Terran Infantry Weapons Level 1  
  97  12:41  Refinery, Siege Tank  
  97  12:43  Missile Turret  
  100  12:54  Marine x3  
  101  13:12  Marine x3  
  104  13:14  Siege Tank x2  
  110  13:29  SCV x2  
  110  13:30  SCV, Marauder, Marine x2  
  113  13:41  SCV  
  113  13:42  SCV x2  
  113  13:46  Siege Tank x2  
  113  13:47  Marine x2  
  121  13:52  Marauder  
  121  13:53  SCV  
  121  13:54  Liberator x2  
  130  14:02  Fusion Core  
  130  14:05  Marine x2  
  130  14:06  Barracks  
  130  14:07  Barracks  
  122  14:23  Starport, SCV  
  123  14:35  SCV  
  124  14:45  Sensor Tower  
  124  14:47  SCV  
  122  14:59  SCV  
  112  15:04  Missile Turret  
  101  15:21  Marine x3  
  104  15:32  Viking x2  
  104  15:35  SCV x3  
  111  15:39  Marine x2  
  113  15:45  Barracks Reactor, Barracks Tech Lab  
  113  15:47  SCV x3  
  116  15:50  Starport Reactor  
  116  15:52  Advanced Ballistics, Terran Vehicle Weapons Level 2  
  116  15:54  Terran Infantry Weapons Level 2  
  116  15:55  Refinery  
  116  15:59  SCV  
  117  16:10  Marauder, Marine  
  117  16:11  Marauder, Marine x3  
  124  16:13  Command Center  
  125  16:19  Siege Tank x2  
  131  16:28  Marine x2  
  133  17:00  Supply Depot x2  
  133  17:02  Liberator x2  
  133  17:03  Marauder  
  133  17:07  Marine  
  141  17:14  Marauder  
  141  17:22  Liberator x2, Siege Tank x2  
  153  17:44  Marauder x2, Marine x3  
  153  17:45  Marine, Viking x2  
  159  17:52  Marine x2  
  159  17:54  Siege Tank x2  
  167  18:02  Marine  
  162  18:17  Marine  
  162  18:18  Marine  
  157  18:47  Marine x2  
  157  18:48  SCV, Marine  
  157  18:49  Marine  
  157  18:50  Marine x2, Viking x2  
  157  18:51  Marauder x2  
  112  19:04  Marine  
  112  19:05  Liberator x2, Marine  
  112  19:06  Marine  
  112  19:07  Marine  
  122  19:12  Marauder, Command Center  
  122  19:13  Marauder  
  107  19:20  Liberator  
  107  19:23  Siege Tank x2  
  116  19:26  Marine x4  
  116  19:27  Marine x2  
  122  19:33  Marauder  
  122  19:34  Marauder  
  125  19:44  Marine x5  
  125  19:45  Medivac  
  132  19:48  Medivac  
  134  19:55  Marauder, Siege Tank x2  
  134  19:56  Marauder  
  119  20:10  Marine x5  
  119  20:12  Marine  
  123  20:16  Marauder  
  123  20:17  Marauder  
  114  20:27  Marine x2  
  114  20:28  Marine x3  
  115  20:30  Marine  
  117  20:38  Marauder x2  
  121  20:54  Siege Tank x2  
  121  20:55  Marine x2  
  121  20:56  Marine x3  
  132  20:59  Marauder  
  132  21:00  Marauder  
  136  21:09  Marine  
  137  21:13  Marine x3  
  137  21:14  Marine  
  141  21:20  Marauder  
  141  21:21  Marauder  
  145  21:29  Refinery, Orbital Command  
  145  21:30  SCV  
  145  21:31  SCV  
  147  21:39  Command Center  
  147  21:42  Marauder, Medivac  
  147  21:43  Marauder, Medivac  
  147  21:44  Viking  
  147  21:46  Refinery  
  157  22:02  Marine x2  
  157  22:03  Marauder  
  157  22:04  Marauder  
  163  22:09  Marine x4  
  167  22:20  Marine x2  
  157  22:25  Marauder x2  
  157  22:26  Marine  
  157  22:27  Marine x3  
  149  22:38  Marine x2  
  148  22:44  Marine x3  
  148  22:46  Marauder, Marine  
  148  22:47  Marauder, Medivac x4  
  164  22:52  Terran Vehicle Weapons Level 3, Missile Turret  
  164  22:53  Terran Infantry Armor Level 1  
  164  22:56  Marine x2  
  166  23:02  Marine x3, Planetary Fortress  
  166  23:04  SCV x2  
  171  23:07  Marauder  
  171  23:08  Marauder  
  175  23:13  Missile Turret  
  175  23:29  Marauder x2  
  175  23:31  Barracks  
  175  23:33  Sensor Tower  
  179  23:34  Sensor Tower  
  179  23:39  Missile Turret  
  179  23:41  Marine x2  
  180  23:42  Siege Tank  
  180  23:43  Siege Tank  
  187  23:52  Marauder  
  187  23:53  Marauder  
  187  23:54  Marine x2  
  180  24:14  Marauder x2  
  180  24:15  Siege Tank  
  186  24:27  Siege Tank  
  183  24:35  Marauder  
  183  24:36  Marauder  
  169  24:42  Marine x2  
  169  24:43  Marine  
  164  24:47  Siege Tank  
  149  24:56  Medivac  
  149  24:57  Marauder x2, Medivac  
  149  24:59  Siege Tank  
  158  25:04  Marine x5  
  155  25:07  Liberator x2  
  161  25:18  Marauder  
  161  25:19  Marauder  
  151  25:26  Liberator  
  152  25:39  Marauder  
  152  25:40  Marauder  
  137  25:58  Medivac x2  
  137  26:01  Marauder x2  
  145  26:14  Siege Tank  
  148  26:22  Marauder  
  141  26:35  Marauder, Marine x2  
  141  26:43  Marauder  
Show
View Real Time Build Order
Export as new Build Order

Shadow Zerg - Winner!

Build Orders: Hatch First 

Get SALT Encoding   

  12  0:01  Drone  
  13  0:12  Overlord  
  13  0:16  Drone  
  14  0:31  Drone x2  
  14  0:35  Drone  
  17  0:56  Drone, Hatchery  
  17  0:58  Extractor  
  16  1:13  Spawning Pool  
  16  1:15  Drone  
  16  1:18  Drone  
  17  1:29  Drone x2  
  19  1:42  Overlord  
  19  1:59  Queen  
  21  2:03  Zergling x2  
  21  2:05  Metabolic Boost  
  21  2:07  Queen  
  24  2:10  Zergling x2  
  24  2:12  Zergling x2  
  26  2:16  Zergling x2  
  26  2:19  Zergling x2  
  28  2:33  Zergling x2  
  28  2:34  Zergling x4  
  31  2:40  Overlord  
  31  2:57  Zergling x6  
  34  3:10  Zergling x10  
  39  3:21  Drone x5  
  44  3:30  Lair  
  44  3:34  Overlord  
  44  3:41  Extractor  
  35  4:19  Drone x5  
  35  4:20  Drone x3  
  43  4:27  Zergling x2  
  43  4:28  Zergling x2  
  45  4:33  Spire  
  44  4:39  Zergling x4  
  46  4:48  Drone  
  46  4:49  Drone  
  48  4:53  Drone x3  
  48  4:55  Overlord  
  48  4:57  Overlord  
  48  5:17  Spore Crawler  
  48  5:18  Spore Crawler  
  38  5:39  Spore Crawler  
  38  5:40  Zergling x2  
  38  5:41  Zergling x14  
  38  5:42  Zergling x8  
  48  5:46  Queen  
  50  5:50  Mutalisk x3  
  56  6:15  Extractor  
  31  6:38  Spawning Pool  
  30  6:53  Overlord  
  20  7:29  Drone x7  
  28  7:30  Drone x7  
  34  7:51  Extractor  
  34  7:53  Spore Crawler  
  34  7:54  Spore Crawler  
  31  8:07  Queen  
  31  8:08  Zergling x2  
  31  8:09  Zergling x14  
  31  8:10  Zergling x2  
  42  8:25  Spine Crawler  
  41  8:32  Pneumatized Carapace  
  41  8:39  Overseer  
  40  8:55  Spawning Pool  
  38  9:18  Drone x2  
  38  9:19  Drone x6  
  38  9:20  Drone x2  
  43  9:53  Drone x7, Spire  
  48  10:12  Drone  
  48  10:13  Drone x2  
  51  10:26  Drone x3  
  54  10:30  Zergling x2  
  54  10:31  Zergling x8  
  59  10:52  Overlord  
  59  10:54  Overlord  
  59  10:57  Overseer  
  59  11:01  Drone x4  
  59  11:02  Drone x2  
  65  11:05  Hatchery, Zerg Flyer Weapons Level 1  
  64  11:26  Drone x7  
  64  11:27  Drone x2  
  73  11:46  Drone x2  
  73  11:47  Drone x4  
  73  11:50  Extractor  
  73  11:52  Extractor  
  73  11:59  Overlord x2  
  73  12:00  Overlord x2  
  73  12:14  Baneling Nest  
  72  12:22  Spore Crawler  
  71  12:26  Queen  
  71  12:27  Drone x4  
  71  12:28  Drone  
  78  12:32  Mutalisk x6  
  90  12:44  Mutalisk x5  
  90  12:46  Mutalisk x3  
  104  13:10  Centrifical Hooks  
  104  13:20  Zerg Flyer Weapons Level 2  
  104  13:22  Zergling x2  
  104  13:23  Zergling x16  
  104  13:24  Overlord  
  104  13:25  Overlord x4  
  113  13:55  Mutalisk x4  
  111  13:56  Mutalisk x7  
  125  14:31  Baneling x4  
  125  14:32  Baneling x6  
  125  14:33  Baneling x7  
  105  15:26  Mutalisk x3  
  105  15:27  Mutalisk x6  
  105  15:28  Mutalisk x2  
  115  16:07  Hatchery  
  112  16:17  Zerg Flyer Armor Level 1  
  112  16:19  Zergling x4  
  112  16:20  Zergling x14  
  112  16:21  Zergling x12  
  112  16:22  Zergling x4  
  127  16:55  Mutalisk x6  
  127  16:56  Mutalisk x3  
  127  16:57  Zergling x2, Overlord x3  
  127  16:58  Overlord x3  
  138  17:20  Mutalisk x5  
  138  17:21  Mutalisk x3  
  114  17:56  Zergling x2, Overlord  
  114  17:57  Zergling x12  
  114  17:58  Zergling x8  
  95  18:29  Drone x3  
  95  18:30  Drone x7  
  95  18:31  Drone x5  
  97  18:56  Mutalisk x7  
  97  18:57  Mutalisk  
  107  19:10  Infestation Pit  
  107  19:15  Extractor  
  103  19:17  Extractor  
  100  19:24  Zergling x4  
  100  19:25  Zergling x12  
  100  19:26  Zergling x8  
  96  20:16  Drone  
  93  20:25  Hive, Corruptor x2  
  93  20:26  Corruptor x7  
  93  20:27  Corruptor x3  
  93  20:28  Zergling x10  
  110  21:26  Queen  
  112  21:35  Corruptor  
  112  21:36  Corruptor x7  
  112  21:37  Corruptor x3  
  112  21:39  Greater Spire  
  134  21:42  Hatchery  
  109  22:51  Hatchery  
  108  22:54  Brood Lord x2  
  108  22:55  Brood Lord x7  
  108  22:56  Brood Lord x2  
  108  22:57  Brood Lord  
  132  23:14  Overseer  
  132  23:15  Overseer x2  
  132  23:22  Zerg Flyer Armor Level 2  
  132  23:41  Corruptor x2  
  132  23:46  Extractor  
  132  23:47  Extractor  
  134  23:51  Zergling x4  
  134  23:52  Zergling x2  
  137  23:56  Hatchery  
  135  24:29  Zergling x2  
  135  24:30  Zergling x14  
  135  24:31  Zergling x14  
  146  24:32  Zergling x6  
  120  25:22  Zergling x12  
  120  25:23  Zergling x12  
  120  25:24  Zergling x10  
  115  26:21  Corruptor x7  
  115  26:22  Corruptor x7  
Show
View Real Time Build Order
Export as new Build Order

qqq Zerg 

Build Orders: Hatch First, Zergling Baneling 

Get SALT Encoding   

  12  0:00  Drone  
  13  0:09  Drone  
  14  0:21  Overlord  
  14  0:48  Hatchery  
  13  0:52  Drone x2  
  15  1:00  Drone  
  16  1:19  Extractor, Spawning Pool  
  14  1:30  Drone x3  
  16  1:50  Drone  
  17  1:57  Drone  
  17  2:00  Drone  
  19  2:06  Queen  
  19  2:07  Queen  
  23  2:15  Drone  
  24  2:18  Drone  
  25  2:25  Metabolic Boost  
  25  2:27  Overlord  
  25  2:30  Drone  
  25  2:35  Drone  
  27  2:41  Zergling x2  
  28  2:49  Baneling Nest  
  28  2:50  Drone, Zergling x2  
  29  2:53  Drone  
  29  2:55  Drone  
  31  2:59  Zergling x2  
  32  3:06  Drone  
  32  3:07  Zergling x2  
  34  3:18  Zergling x2  
  35  3:23  Drone  
  35  3:27  Overlord  
  30  3:50  Baneling x2  
  30  3:51  Zergling x6  
  30  3:52  Zergling x6  
  30  3:53  Zergling x12  
  42  4:03  Spine Crawler  
  42  4:06  Overlord  
  41  4:11  Baneling  
  41  4:12  Baneling x6  
  41  4:30  Hatchery  
  40  4:47  Queen  
  40  4:48  Zergling x2  
  40  4:49  Zergling x4  
  45  5:05  Overlord  
  42  5:25  Zergling x6  
  44  5:41  Hatchery  
  43  5:46  Zergling x2  
  43  5:47  Zergling x2  
  45  5:56  Baneling x2  
  45  5:57  Baneling x2  
  45  6:01  Hatchery  
  27  6:33  Spore Crawler  
  27  6:37  Lair  
  26  6:41  Drone x3  
  26  6:43  Extractor  
  28  6:59  Zergling x2  
  29  7:05  Drone x2  
  29  7:07  Overlord  
  31  7:15  Queen  
  33  7:16  Drone  
  33  7:20  Zergling x2  
  35  7:27  Zergling x2  
  35  7:28  Drone x3  
  39  7:30  Spore Crawler  
  39  7:32  Queen  
  40  7:44  Zergling x2  
  40  7:45  Zergling x4  
  40  7:48  Baneling x2  
  41  7:53  Drone, Hydralisk Den  
  41  7:54  Zergling x4  
  41  7:56  Spore Crawler  
  42  8:00  Drone x2  
  42  8:03  Zergling x2  
  44  8:23  Zergling x4  
  44  8:24  Drone, Zergling x2  
  44  8:25  Drone x2, Zergling x4  
  51  8:37  Drone  
  51  8:38  Drone, Hydralisk  
  51  8:39  Hydralisk  
  57  8:43  Baneling x4  
  57  8:44  Baneling x2  
  57  8:49  Zergling x2  
  57  8:50  Hydralisk  
  58  8:55  Spore Crawler  
  58  8:57  Drone  
  53  9:10  Drone x2, Spine Crawler  
  53  9:12  Queen  
  53  9:13  Drone  
  56  9:20  Baneling x5  
  56  9:22  Drone x2  
  58  9:25  Zergling x2  
  59  9:32  Muscular Augments  
  58  9:42  Hydralisk  
  58  9:43  Hydralisk x2  
  58  9:44  Drone  
  65  9:57  Overlord  
  65  9:58  Overlord x3  
  65  9:59  Drone  
  65  10:10  Overlord  
  65  10:19  Evolution Chamber x2  
  59  10:32  Lurker Den  
  59  10:33  Drone x6, Infestation Pit  
  59  10:34  Drone x2  
  65  10:36  Hydralisk  
  65  10:40  Zergling x2  
  65  10:41  Zergling x2  
  69  10:43  Grooved Spines  
  69  10:55  Zergling x6  
  72  10:58  Drone x3  
  72  10:59  Drone  
  72  11:01  Extractor  
  72  11:02  Extractor  
  74  11:06  Zerg Missile Weapons Level 1, Zerg Ground Armor Level 1  
  74  11:11  Drone x4  
  76  11:14  Hive  
  76  11:15  Zergling x2  
  79  11:45  Lurker  
  79  11:47  Zergling x12  
  82  11:48  Drone x3  
  82  11:49  Drone x5  
  90  12:11  Spine Crawler  
  90  12:12  Drone  
  90  12:13  Drone, Spine Crawler, Hydralisk x3  
  90  12:14  Hydralisk  
  90  12:15  Hatchery, Hydralisk x2  
  99  12:16  Zergling x4  
  99  12:18  Baneling x3  
  103  12:41  Spine Crawler  
  103  12:43  Lurker x2  
  104  12:46  Drone  
  104  12:47  Overlord x3  
  104  12:48  Overlord x4  
  104  12:50  Spore Crawler  
  104  12:53  Hatchery  
  99  13:01  Viper  
  99  13:02  Hydralisk  
  99  13:04  Drone x3  
  102  13:51  Hydralisk  
  102  13:52  Hydralisk x7  
  118  14:00  Spore Crawler  
  116  14:03  Hydralisk  
  116  14:04  Hydralisk  
  116  14:05  Drone x3  
  113  14:29  Spore Crawler  
  113  14:30  Spore Crawler  
  111  14:41  Drone x5  
  111  14:44  Viper  
  111  14:45  Hydralisk x5  
  129  14:54  Drone  
  129  14:55  Drone x2  
  129  14:57  Extractor  
  129  14:58  Extractor  
  128  15:09  Drone x3  
  128  15:14  Spore Crawler  
  130  15:21  Lurker  
  131  15:38  Hatchery  
  131  15:42  Spore Crawler  
  129  15:43  Spore Crawler x2  
  129  15:47  Spore Crawler x2  
  119  16:03  Viper x4  
  127  16:05  Drone x2  
  127  16:10  Spore Crawler  
  128  16:11  Spore Crawler  
  128  16:12  Spine Crawler  
  128  16:16  Queen  
  128  16:32  Ultralisk Cavern  
  127  16:38  Spore Crawler  
  89  17:18  Hydralisk x2  
  89  17:19  Hydralisk x6  
  99  17:52  Hydralisk x2  
  99  17:53  Hydralisk x3  
  99  17:54  Ultralisk  
  58  18:28  Drone x2  
  58  18:29  Drone x4  
  58  18:32  Ultralisk x2  
  76  18:35  Anabolic Synthesis  
  76  18:41  Drone x2  
  78  18:43  Spore Crawler x2  
  58  19:00  Zergling x8, Ultralisk  
  58  19:01  Zergling x8  
  72  19:03  Drone x4  
  72  19:06  Spore Crawler  
  75  19:12  Hydralisk  
  75  19:25  Drone  
  75  19:26  Drone x2  
  72  19:47  Hydralisk, Ultralisk  
  68  20:02  Zergling x2, Ultralisk  
  63  20:11  Hydralisk x2  
  63  20:13  Drone  
  68  20:14  Drone  
  68  20:19  Drone  
  68  20:20  Drone  
  71  20:26  Chitinous Plating  
  71  20:33  Lurker  
  72  20:44  Ultralisk  
  71  20:57  Zerg Ground Armor Level 2, Zerg Melee Weapons Level 1  
  71  21:01  Drone  
  71  21:02  Drone x5  
  77  21:07  Zergling x4  
  79  21:15  Spine Crawler  
  79  21:17  Lurker  
  76  21:23  Drone x6  
  82  21:26  Extractor  
  82  21:27  Extractor  
  80  21:33  Queen  
  80  21:34  Drone x3  
  80  21:38  Hydralisk  
  80  21:39  Hydralisk  
  89  21:58  Hydralisk x2  
  93  22:02  Lurker  
  93  22:05  Hydralisk x3  
  98  22:29  Drone x5  
  104  22:30  Drone x4  
  104  22:31  Hydralisk x3  
  103  22:43  Zergling x12  
  97  22:45  Drone x3  
  100  22:58  Spore Crawler x2  
  99  23:00  Spore Crawler  
  97  23:07  Seismic Spines  
  97  23:09  Zerg Missile Weapons Level 2  
  97  23:14  Hydralisk x2  
  97  23:16  Zergling x4  
  97  23:17  Drone x6  
  97  23:18  Drone x3  
  109  23:50  Zergling x10  
  109  23:51  Zergling x2  
  109  23:52  Drone x6  
  109  23:53  Drone x3  
  122  23:58  Extractor  
  118  24:04  Adaptive Talons  
  118  24:06  Viper x3  
  114  24:25  Drone x2  
  114  24:26  Drone x4  
  112  24:40  Lurker x2  
  105  24:46  Hydralisk x6  
  105  24:51  Drone x2  
  105  24:52  Drone x2  
  35  25:59  Ultralisk  
  35  26:00  Ultralisk x3  
  35  26:01  Zergling x4  
  59  26:17  Zergling x4  
  61  26:25  Hatchery  
  45  26:54  Zergling x2  
  45  26:55  Zergling x10  
Show
View Real Time Build Order
Export as new Build Order

Massa Terran 

Build Orders:  

Get SALT Encoding   

  12  0:00  SCV  
  13  0:12  SCV  
  14  0:19  Supply Depot  
  14  0:25  SCV  
  15  0:41  SCV  
  15  0:42  Barracks  
  16  0:45  Refinery  
  16  0:53  SCV  
  17  1:05  SCV  
  17  1:07  Refinery  
  18  1:17  SCV  
  19  1:29  SCV  
  19  1:30  Supply Depot  
  20  1:34  Marine  
  21  1:49  Factory  
  21  1:58  Orbital Command  
  21  2:09  Reaper  
  22  2:40  Starport x2  
  22  2:46  Hellion  
  24  2:51  SCV  
  25  3:03  SCV  
  26  3:12  Marine  
  27  3:15  Command Center  
  27  3:23  Starport Tech Lab  
  27  3:24  Starport Tech Lab  
  27  3:27  SCV  
  27  3:31  Factory Tech Lab  
  27  3:32  Marine  
  27  3:49  Marine  
  27  3:51  Siege Tank  
  31  4:01  Banshee  
  31  4:08  Banshee  
  31  4:15  Barracks  
  31  4:17  Supply Depot  
  31  4:25  Cloaking Field  
  31  4:27  Marine  
  32  4:44  Banshee  
  32  4:45  Marine  
  36  4:51  Banshee  
  39  4:59  SCV  
  40  5:02  Marine  
  41  5:11  SCV  
  42  5:20  Marine  
  43  5:27  Banshee  
  42  5:30  SCV x2  
  42  5:34  Widow Mine, Banshee  
  48  5:37  Marine  
  48  5:38  Marine  
  50  5:55  Marine  
  51  6:09  Banshee  
  42  6:46  Marine  
  43  6:47  Marine  
  43  6:48  Widow Mine  
  46  7:04  Marine x2  
  48  7:09  Widow Mine  
  50  7:22  Marine  
  51  7:25  Banshee x2  
  54  7:35  SCV x2  
  50  7:40  Barracks Tech Lab, Marine  
  50  7:44  Barracks  
  51  7:47  SCV x2, Barracks  
  51  7:49  Engineering Bay  
  53  7:52  Starport  
  53  7:58  Marine  
  54  7:59  Supply Depot  
  54  8:01  Supply Depot  
  54  8:04  Command Center  
  54  8:21  SCV, Marauder, Marine, Viking  
  54  8:22  Siege Tank  
  54  8:23  Supply Depot  
  54  8:25  Supply Depot  
  63  8:38  SCV  
  63  8:40  Orbital Command  
  64  8:48  Banshee, Supply Depot  
  61  8:50  SCV  
  61  8:51  Marauder  
  61  8:52  Barracks Reactor  
  61  8:53  Barracks Reactor  
  61  8:54  Barracks Tech Lab  
  64  9:02  SCV  
  65  9:06  SCV  
  66  9:12  Marine  
  66  9:14  SCV  
  71  9:18  SCV  
  72  9:27  SCV  
  72  9:30  Marine  
  69  9:48  Marine  
  70  9:55  Stimpack  
  70  9:57  Combat Shield  
  67  10:12  SCV x2  
  69  10:14  Refinery  
  69  10:17  Refinery, Siege Tank  
  69  10:19  Marauder x2, Marine  
  69  10:20  Marine x3  
  80  10:24  SCV  
  80  10:27  Supply Depot  
  80  10:28  Supply Depot x2  
  81  10:29  Supply Depot  
  81  10:31  SCV, Supply Depot  
  81  10:32  Supply Depot  
  82  10:36  SCV  
  82  10:37  Marine x3  
  82  10:38  Marine  
  82  10:40  Marauder x2  
  91  10:43  SCV  
  91  10:49  Orbital Command  
  92  10:53  Missile Turret, Supply Depot  
  92  10:55  Marine x2, Missile Turret x2  
  92  10:56  Missile Turret  
  94  10:57  Missile Turret  
  94  10:59  Medivac  
  94  11:02  Marauder x2  
  100  11:13  SCV x2  
  100  11:14  Missile Turret  
  100  11:15  Missile Turret  
  100  11:16  SCV  
  100  11:18  Medivac  
  105  11:22  Siege Tank  
  105  11:23  Marauder, Marine  
  111  11:25  SCV  
  111  11:26  SCV  
  111  11:28  SCV  
  111  11:30  Missile Turret  
  111  11:31  Missile Turret  
  114  11:34  Missile Turret x2  
  114  11:43  Concussive Shells  
  114  11:45  Terran Infantry Weapons Level 1  
  114  11:49  Armory  
  114  11:52  Engineering Bay  
  114  11:55  Command Center  
  114  12:03  Refinery x2  
  114  12:05  Starport Reactor  
  114  12:11  Medivac  
  116  12:16  Widow Mine  
  116  12:18  Marauder x2, Marine x4  
  126  12:36  Marine  
  127  12:39  Marauder x2  
  127  12:41  Medivac  
  133  12:45  Missile Turret  
  116  13:07  Missile Turret  
  113  13:15  Marauder x2, Marine x3  
  117  13:21  Marine  
  113  13:28  Missile Turret  
  113  13:29  Starport Tech Lab  
  113  13:30  Medivac  
  113  13:31  Medivac  
  113  13:32  Marine  
  113  13:33  Marine x2  
  120  13:36  Marauder x2  
  124  13:50  Missile Turret  
  124  13:56  SCV x3  
  124  13:57  Marauder  
  124  13:58  Marauder  
  124  14:00  Viking  
  124  14:01  Viking  
  134  14:05  Terran Infantry Weapons Level 2  
  134  14:06  Terran Infantry Armor Level 1  
  134  14:08  SCV x2  
  136  14:12  Thor  
  142  14:19  Marauder  
  144  14:34  Raven  
  144  14:35  Missile Turret  
  144  14:36  Corvid Reactor  
  144  14:37  Missile Turret  
  141  14:55  Thor  
  141  14:57  Missile Turret  
  141  14:59  Missile Turret  
  127  15:16  Raven  
  127  15:21  Marauder x2, Marine x3  
  123  15:22  Marine  
  127  15:32  Planetary Fortress  
  127  15:34  SCV x3  
  130  15:38  Thor  
  130  15:39  Marine x3  
  130  15:42  Marauder x2  
  143  15:46  SCV, Marine  
  145  15:54  Factory  
  145  15:56  Factory, Marine  
  145  15:57  Marine x2  
  144  16:01  Missile Turret  
  144  16:03  Marine, Missile Turret  
  144  16:04  Missile Turret  
  148  16:06  Missile Turret  
  148  16:09  Raven  
  148  16:26  SCV  
  148  16:27  SCV x3, Missile Turret x3  
  148  16:31  Missile Turret  
  152  16:33  Thor  
  152  16:39  SCV x2  
  160  16:52  Raven  
  114  17:19  Medivac  
  116  17:25  Marauder, Marine  
  116  17:26  Marauder  
  121  17:31  Marine x3  
  121  17:34  Raven  
  124  17:38  SCV x4  
  124  17:43  Marine  
  129  17:45  Refinery  
  129  17:46  Marine  
  129  17:47  Refinery, Marauder  
  129  17:49  Marine x3  
  129  17:50  SCV x2  
  132  18:01  Marine  
  132  18:02  Viking x2  
  132  18:04  Marine  
  138  18:07  Marine x3  
  138  18:10  SCV x3  
  138  18:11  SCV  
  144  18:17  Viking  
  144  18:19  Marine  
  142  18:22  Marine  
  142  18:25  Marine x3  
  145  18:32  Liberator  
  147  18:40  Marine  
  141  18:43  Viking  
  141  18:47  Viking  
  109  18:59  Thor x2  
  109  19:01  Marauder, Marine  
  109  19:02  Marine x3  
  110  19:15  Barracks  
  110  19:16  Barracks  
  107  19:18  Refinery, Factory  
  107  19:19  Marine x2  
  107  19:20  Factory Tech Lab, Factory Reactor  
  107  19:23  Marauder  
  111  19:25  Marine x2  
  111  19:30  Viking x2  
  117  19:37  Marine x2  
  119  19:43  Marine x2  
  119  19:44  Marauder  
  123  19:55  Marine x2  
  125  20:01  Marine x2  
  125  20:06  Marauder  
  109  20:13  Marine x2  
  99  20:18  Marine  
  99  20:19  Marine  
  99  20:20  Viking x3  
  93  20:27  Marauder  
  93  20:28  Factory Tech Lab  
  85  20:30  Marine  
  85  20:31  Marine  
  85  20:36  Marine  
  85  20:37  Marine  
  85  20:41  Thor  
  93  20:48  Marauder  
  95  20:50  Viking x3  
  95  20:52  Command Center  
  101  20:57  Missile Turret  
  101  21:07  Terran Infantry Weapons Level 3  
  101  21:10  Marauder  
  103  21:11  Barracks Reactor, Barracks Tech Lab  
  103  21:13  Marine x4  
  103  21:18  Missile Turret  
  107  21:24  Widow Mine x3  
  113  21:31  Marauder, Marine x3  
  113  21:32  Marauder, Marine  
  120  21:37  Medivac  
  123  21:40  Missile Turret  
  123  21:49  SCV x3  
  123  21:50  SCV  
  123  21:52  Marauder  
  129  22:01  SCV, Missile Turret  
  74  22:39  Marauder x2, Marine x4  
  74  22:40  Thor x2  
  74  22:42  Widow Mine x2  
  74  22:44  Drilling Claws  
  98  22:48  Medivac x2  
  98  22:50  Viking  
  104  22:52  SCV  
  104  22:53  SCV x3  
  104  22:54  Planetary Fortress  
  104  22:57  Refinery  
  108  22:58  Refinery  
  108  23:00  Marauder x2  
  108  23:03  Widow Mine x2  
  108  23:05  SCV x4  
  120  23:17  SCV x2  
  120  23:18  Viking  
  124  23:24  Widow Mine  
  126  23:35  Starport Tech Lab  
  126  23:42  Command Center  
  126  23:45  Terran Infantry Armor Level 2  
  126  23:52  Marauder x2, Marine x2  
  126  23:53  Marine  
  126  23:54  Thor x2  
  145  23:56  Widow Mine x2  
  145  23:58  Viking x2  
  145  24:02  Smart Servos  
  149  24:13  Marauder  
  151  24:18  Widow Mine x2  
  155  24:28  Marine x2  
  155  24:29  Marauder, Marine x4  
  155  24:35  Marauder  
  155  24:37  Thor  
  157  24:46  Marine  
  156  24:59  Marauder x2, Marine x3  
  161  25:00  Marine  
  131  25:20  Marauder x2  
  121  25:30  Marine  
  121  25:32  Siege Tank  
  121  25:34  Viking x2  
  121  25:35  Viking  
  131  25:42  Marauder x2  
  135  26:03  Marauder  
  135  26:04  Viking x2, Siege Tank  
  140  26:18  Marauder, Marine x3  
  128  26:22  Raven  
  128  26:24  Marauder  
  115  26:39  Marauder  
Tags
 
Add a new tag
Caveats
  • Supply blocks, unpowered buildings, or Contaminate may cause inaccurate times.
  • Supply counts are checked every 10 seconds.